| TOP OF THE 1ST |
|
Philadelphia Phillies batting - Pitching for Cincinnati Reds : RHP Steve Brown
|
|
Pitching: RHP Steve Brown
|
|
|
Batting: RHB Paul Molitor
|
0-0: Ball 1-0: Ground out 6-3 (Groundball, 6S, EV 82.5 MPH)
|
|
Batting: RHB Andy Ramirez
|
0-0: Called Strike 0-1: Called Strike 0-2: Hit by Pitch
|
|
Batting: LHB Tony Gwynn
|
0-0: Called Strike 0-1: Fly out, F9 (Flyball, 9D, EV 104.4 MPH)
|
|
Batting: RHB Candy Maldonado
|
0-0: Ball Andy Ramirez is caught stealing 2nd base 2-4
|
| Top of the 1st over - 0 runs, 0 hits, 0 errors, 0 left on base; Philadelphia 0 - Cincinnati 0 |
| BOTTOM OF THE 1ST |
|
Cincinnati Reds batting - Pitching for Philadelphia Phillies : LHP Jon Matlack
|
|
Pitching: LHP Jon Matlack
|
|
|
Batting: RHB Jim Anderson
|
0-0: Ball 1-0: Fly out, F5 (Flyball, 5D, EV 88.8 MPH)
|
|
Batting: RHB Nick Deurloo
|
0-0: Ball 1-0: Called Strike 1-1: Ball 2-1: Reached on error, E5 (Groundball, 15, EV 86.9 MPH)
|
|
Batting: RHB Gary Matthews
|
0-0: Called Strike 0-1: Swinging Strike 0-2: Grounds into double play, 6-4-3 (Groundball, 6, EV 108.8 MPH)
|
| Bottom of the 1st over - 0 runs, 0 hits, 1 error, 0 left on base; Philadelphia 0 - Cincinnati 0 |
| TOP OF THE 2ND |
|
Philadelphia Phillies batting - Pitching for Cincinnati Reds : RHP Steve Brown
|
|
Batting: RHB Candy Maldonado
|
0-0: Ball 1-0: Foul Ball, location: 2F 1-1: Reached on error, E4 (Popup, 34, EV 62.5 MPH)
|
|
Batting: LHB Ken Phelps
|
0-0: Ball 1-0: Grounds into double play, 4-6-3 (Groundball, 4, EV 105.0 MPH)
|
|
Batting: RHB Jody Davis
|
0-0: Called Strike 0-1: SINGLE (Line Drive, 6M, EV 97.5 MPH)
|
|
Batting: LHB Andy Guerrero
|
0-0: SINGLE (Line Drive, 6D, EV 103.8 MPH) Jody Davis to second Runner from 2nd tries for 3rd, SAFE, throw by CF made to third
|
|
Batting: LHB Lou Whitaker
|
0-0: Called Strike 0-1: Ground out 4-3 (Groundball, 4, EV 90.6 MPH)
|
| Top of the 2nd over - 0 runs, 2 hits, 1 error, 2 left on base; Philadelphia 0 - Cincinnati 0 |
| BOTTOM OF THE 2ND |
|
Cincinnati Reds batting - Pitching for Philadelphia Phillies : LHP Jon Matlack
|
|
Batting: LHB Mike Easler
|
0-0: Ball 1-0: Foul Ball, location: 2F 1-1: Ball 2-1: Ball 3-1: Ground out 6-3 (Groundball, 6M, EV 88.1 MPH)
|
|
Batting: RHB Johnny Bench
|
0-0: Swinging Strike 0-1: Ball 1-1: Swinging Strike 1-2: Ball 2-2: Foul Ball, location: 2F 2-2: Foul Ball, location: 2F 2-2: Foul Ball, location: 2F 2-2: Ball 3-2: Base on Balls
|
|
Batting: LHB Darrell Evans
|
0-0: Called Strike 0-1: Foul Ball, location: 2F 0-2: Foul Ball, location: 2F 0-2: Ball 1-2: Ball 2-2: Ball 3-2: Hit by Pitch Johnny Bench to second
|
|
Batting: RHB Jesus Alfaro
|
0-0: Foul Ball, location: 2F 0-1: Foul Ball, location: 2F 0-2: Fly out, F8 (Line Drive, 8RD, EV 83.8 MPH) Runner from 2nd tags up, SAFE at 3rd with throw by CF
|
|
Batting: RHB Ramon Borrero
|
0-0: SINGLE (Line Drive, 8LS, EV 93.1 MPH) Johnny Bench scores Darrell Evans to second Runner from 2nd tries for 3rd, SAFE, no throw by CF
|
|
Batting: LHB Steve Brown
|
0-0: Called Strike 0-1: Fielders Choice at 2nd, 4-6 (Groundball, 4MD, EV 89.4 MPH)
|
| Bottom of the 2nd over - 1 run, 1 hit, 0 errors, 2 left on base; Philadelphia 0 - Cincinnati 1 |
| TOP OF THE 3RD |
|
Philadelphia Phillies batting - Pitching for Cincinnati Reds : RHP Steve Brown
|
|
Batting: LHB Jon Matlack
|
0-0: Foul Ball, location: 2F 0-1: Ball 1-1: Ground out 6-3 (Groundball, 56, EV 82.5 MPH)
|
|
Batting: RHB Paul Molitor
|
0-0: Ball 1-0: Called Strike 1-1: Called Strike 1-2: Ball 2-2: Ball 3-2: SINGLE (Groundball, 4MD, EV 103.1 MPH)
|
|
Batting: RHB Andy Ramirez
|
0-0: Called Strike Paul Molitor steals 2nd base 0-1: Swinging Strike 0-2: Ground out 5-3 (Groundball, 5, EV 88.1 MPH)
|
|
Batting: LHB Tony Gwynn
|
0-0: Called Strike 0-1: Foul Ball, location: 2F 0-2: Ball 1-2: Foul Ball, location: 2F 1-2: Foul Ball, location: 2F 1-2: Ball 2-2: Ball 3-2: Base on Balls
|
|
Batting: RHB Candy Maldonado
|
0-0: Foul Ball, location: 2F 0-1: Ball 1-1: Fielders Choice at 2nd, 5-4 (Groundball, 56, EV 100.6 MPH)
|
| Top of the 3rd over - 0 runs, 1 hit, 0 errors, 2 left on base; Philadelphia 0 - Cincinnati 1 |
| BOTTOM OF THE 3RD |
|
Cincinnati Reds batting - Pitching for Philadelphia Phillies : LHP Jon Matlack
|
|
Batting: RHB Jim Anderson
|
0-0: Ball 1-0: Ground out 5-3 (Groundball, 56, EV 108.1 MPH)
|
|
Batting: RHB Nick Deurloo
|
0-0: Ball 1-0: SINGLE (Groundball, 4D, EV 110.0 MPH)
|
|
Batting: RHB Gary Matthews
|
0-0: Ball 1-0: Called Strike 1-1: Ball 2-1: Called Strike 2-2: Foul Ball, location: 2F 2-2: Ball 3-2: Base on Balls Nick Deurloo to second
|
|
Batting: LHB Mike Easler
|
0-0: Called Strike 0-1: Ball 1-1: Foul Ball, location: 2F 1-2: Strikes out swinging
|
|
Batting: RHB Johnny Bench
|
0-0: Ball 1-0: Ball 2-0: Fly out, F7 (Line Drive, 7D, EV 92.5 MPH)
|
| Bottom of the 3rd over - 0 runs, 1 hit, 0 errors, 2 left on base; Philadelphia 0 - Cincinnati 1 |
| TOP OF THE 4TH |
|
Philadelphia Phillies batting - Pitching for Cincinnati Reds : RHP Steve Brown
|
|
Batting: LHB Ken Phelps
|
0-0: Swinging Strike 0-1: Foul Ball, location: 2F 0-2: Ground out 4-3 (Groundball, 4, EV 105.0 MPH)
|
|
Batting: RHB Jody Davis
|
0-0: Called Strike 0-1: Ball 1-1: Ball 2-1: Fly out, F8 (Flyball, 8RS, EV 93.1 MPH)
|
|
Batting: LHB Andy Guerrero
|
0-0: Ground out 4-3 (Groundball, 4, EV 108.1 MPH)
|
| Top of the 4th over - 0 runs, 0 hits, 0 errors, 0 left on base; Philadelphia 0 - Cincinnati 1 |
| BOTTOM OF THE 4TH |
|
Cincinnati Reds batting - Pitching for Philadelphia Phillies : LHP Jon Matlack
|
|
Batting: LHB Darrell Evans
|
0-0: Called Strike 0-1: Foul Ball, location: 2F 0-2: Ball 1-2: Fly out, F3 (Popup, 3, EV 66.9 MPH)
|
|
Batting: RHB Jesus Alfaro
|
0-0: Foul Ball, location: 2F 0-1: Ball 1-1: Foul Ball, location: 2F 1-2: Foul Ball, location: 2F 1-2: Strikes out swinging
|
|
Batting: RHB Ramon Borrero
|
0-0: Called Strike 0-1: Ground out 5-3 (Groundball, 56, EV 109.4 MPH)
|
| Bottom of the 4th over - 0 runs, 0 hits, 0 errors, 0 left on base; Philadelphia 0 - Cincinnati 1 |
| TOP OF THE 5TH |
|
Philadelphia Phillies batting - Pitching for Cincinnati Reds : RHP Steve Brown
|
|
Batting: LHB Lou Whitaker
|
0-0: Ball 1-0: Ball 2-0: Foul Ball, location: 2F 2-1: Foul Ball, location: 2F 2-2: Foul Ball, location: 2F 2-2: Ground out 1-3 (Groundball, 15S, EV 71.3 MPH)
|
|
Batting: LHB Jon Matlack
|
0-0: Ball 1-0: Called Strike 1-1: Foul Ball, location: 2F 1-2: Foul Ball, location: 2F 1-2: Strikes out swinging
|
|
Batting: RHB Paul Molitor
|
0-0: Ball 1-0: Called Strike 1-1: Ball 2-1: Ball 3-1: SINGLE (Groundball, 56S, EV 70.0 MPH) (infield hit)
|
|
Batting: RHB Andy Ramirez
|
0-0: Called Strike Paul Molitor steals 2nd base (no throw) 0-1: Ball 1-1: Swinging Strike 1-2: Ball 2-2: Fly out, F7 (Line Drive, 7, EV 89.4 MPH)
|
| Top of the 5th over - 0 runs, 1 hit, 0 errors, 1 left on base; Philadelphia 0 - Cincinnati 1 |
| BOTTOM OF THE 5TH |
|
Cincinnati Reds batting - Pitching for Philadelphia Phillies : LHP Jon Matlack
|
|
Batting: LHB Steve Brown
|
0-0: Ball 1-0: Ground out 6-3 (Groundball, 6, EV 86.3 MPH)
|
|
Batting: RHB Jim Anderson
|
0-0: Ball 1-0: Foul Ball, location: 2F 1-1: Ball 2-1: Ball 3-1: Foul Ball, location: 2F 3-2: Ground out 1-3 (Groundball, 13S, EV 74.4 MPH)
|
|
Batting: RHB Nick Deurloo
|
0-0: Called Strike 0-1: SOLO HOME RUN (Flyball, 89XD, EV 108.1 MPH), Distance : 430 ft
|
|
Batting: RHB Gary Matthews
|
0-0: Foul Ball, location: 2F 0-1: Ground out 5-3 (Groundball, 5L, EV 85.0 MPH)
|
| Bottom of the 5th over - 1 run, 1 hit, 0 errors, 0 left on base; Philadelphia 0 - Cincinnati 2 |
| TOP OF THE 6TH |
|
Philadelphia Phillies batting - Pitching for Cincinnati Reds : RHP Steve Brown
|
|
Batting: LHB Tony Gwynn
|
0-0: Fly out, F8 (Flyball, 8RM, EV 88.8 MPH)
|
|
Batting: RHB Candy Maldonado
|
0-0: Ground out 6-3 (Groundball, 6, EV 100.6 MPH)
|
|
Batting: LHB Ken Phelps
|
0-0: Called Strike 0-1: Ground out 6-3 (Groundball, 56, EV 101.3 MPH)
|
| Top of the 6th over - 0 runs, 0 hits, 0 errors, 0 left on base; Philadelphia 0 - Cincinnati 2 |
| BOTTOM OF THE 6TH |
|
Cincinnati Reds batting - Pitching for Philadelphia Phillies : LHP Jon Matlack
|
|
Batting: LHB Mike Easler
|
0-0: Ball 1-0: Fly out, F9 (Line Drive, 9, EV 85.6 MPH)
|
|
Batting: RHB Johnny Bench
|
0-0: Ball 1-0: Swinging Strike 1-1: Ball 2-1: Ball 3-1: Reached on error, E5 (Groundball, 56, EV 100.6 MPH)
|
|
Batting: LHB Darrell Evans
|
0-0: Ball 1-0: Ball Wild Pitch! Johnny Bench to second 2-0: Foul Ball, location: 2F 2-1: Ball 3-1: Foul Ball, location: 2F 3-2: Ground out 5-3 (Groundball, 56, EV 76.3 MPH)
|
|
Batting: RHB Jesus Alfaro
|
0-0: Foul Ball, location: 2F 0-1: Ball 1-1: Foul Ball, location: 2F 1-2: Ball 2-2: Fly out, F4 (Flyball, 34D, EV 86.3 MPH)
|
| Bottom of the 6th over - 0 runs, 0 hits, 1 error, 1 left on base; Philadelphia 0 - Cincinnati 2 |
| TOP OF THE 7TH |
|
Philadelphia Phillies batting - Pitching for Cincinnati Reds : RHP Steve Brown
|
|
Batting: RHB Jody Davis
|
0-0: Ball 1-0: Ball 2-0: Ground out 4-3 (Groundball, 4M, EV 78.8 MPH)
|
|
Batting: LHB Andy Guerrero
|
0-0: Foul Ball, location: 2F 0-1: Ground out 4-3 (Groundball, 4M, EV 86.3 MPH)
|
|
Batting: LHB Lou Whitaker
|
0-0: Ball 1-0: SINGLE (Line Drive, 78M, EV 93.8 MPH)
|
|
Batting: LHB Jon Matlack
|
0-0: Ball 1-0: Called Strike 1-1: Ball 2-1: Called Strike 2-2: Ball 3-2: Ground out 1-3 (Groundball, 15S, EV 73.1 MPH)
|
| Top of the 7th over - 0 runs, 1 hit, 0 errors, 1 left on base; Philadelphia 0 - Cincinnati 2 |
| BOTTOM OF THE 7TH |
|
Cincinnati Reds batting - Pitching for Philadelphia Phillies : LHP Jon Matlack
|
|
Batting: RHB Ramon Borrero
|
0-0: Ball 1-0: Ball 2-0: Foul Ball, location: 2F 2-1: Ball 3-1: Foul Ball, location: 2F 3-2: Base on Balls
|
|
Batting: LHB Steve Brown
|
0-0: Ball 1-0: Sac Bunt to 15S - play at first, batter OUT! 1-4 Ramon Borrero to second
|
|
Batting: RHB Jim Anderson
|
0-0: Called Strike 0-1: Called Strike 0-2: Fly out, F8 (Flyball, 8LD, EV 101.9 MPH)
|
|
Batting: RHB Nick Deurloo
|
0-0: Ball 1-0: Swinging Strike 1-1: Called Strike 1-2: Ground out 4-3 (Groundball, 4, EV 83.1 MPH)
|
| Bottom of the 7th over - 0 runs, 0 hits, 0 errors, 1 left on base; Philadelphia 0 - Cincinnati 2 |
| TOP OF THE 8TH |
|
Philadelphia Phillies batting - Pitching for Cincinnati Reds : RHP Steve Brown
|
|
Batting: RHB Paul Molitor
|
0-0: Called Strike 0-1: Called Strike 0-2: Ball 1-2: Strikes out looking
|
|
Batting: RHB Andy Ramirez
|
0-0: DOUBLE (Line Drive, 7LD, EV 109.4 MPH)
|
|
Batting: LHB Tony Gwynn
|
0-0: Called Strike 0-1: Ball 1-1: Ball 2-1: Fly out, F4 (Line Drive, 4, EV 63.8 MPH)
|
|
Batting: RHB Candy Maldonado
|
0-0: Foul Ball, location: 2F 0-1: Ball 1-1: Ball 2-1: Ball 3-1: Called Strike 3-2: Foul Ball, location: 2F 3-2: Fly out, F9 (Flyball, 9S, EV 71.9 MPH)
|
| Top of the 8th over - 0 runs, 1 hit, 0 errors, 1 left on base; Philadelphia 0 - Cincinnati 2 |
| BOTTOM OF THE 8TH |
|
Cincinnati Reds batting - Pitching for Philadelphia Phillies : LHP Jon Matlack
|
|
Batting: RHB Gary Matthews
|
0-0: Swinging Strike 0-1: Foul Ball, location: 2F 0-2: SINGLE (Line Drive, 6D, EV 93.8 MPH)
|
|
Batting: LHB Mike Easler
|
0-0: Ball 1-0: Grounds into double play, 3-6-3 (Groundball, 3, EV 100.0 MPH)
|
|
Batting: RHB Johnny Bench
|
0-0: Ball 1-0: Ball 2-0: Ball 3-0: Called Strike 3-1: Foul Ball, location: 2F 3-2: Base on Balls
|
|
Batting: LHB Darrell Evans
|
0-0: Called Strike 0-1: Ball 1-1: Fly out, F8 (Flyball, 8LD, EV 105.0 MPH)
|
| Bottom of the 8th over - 0 runs, 1 hit, 0 errors, 1 left on base; Philadelphia 0 - Cincinnati 2 |
| TOP OF THE 9TH |
|
Philadelphia Phillies batting - Pitching for Cincinnati Reds : RHP Steve Brown
|
|
Now in RF: Jim Bennett
|
|
|
Batting: LHB Ken Phelps
|
0-0: Swinging Strike 0-1: Ball 1-1: Ball 2-1: Called Strike 2-2: Hit by Pitch
|
|
Pinch Hitting: LHB Terry Bogener
|
0-0: Ball 1-0: Fly out, F8 (Flyball, 8LD, EV 103.1 MPH)
|
|
Batting: LHB Andy Guerrero
|
0-0: Called Strike 0-1: Ball 1-1: Ball 2-1: Foul Ball, location: 2F 2-2: Ball 3-2: Strikes out swinging
|
|
Batting: LHB Lou Whitaker
|
0-0: Swinging Strike 0-1: SINGLE (Line Drive, 8RS, EV 103.1 MPH) Ken Phelps to second
|
|
Pinch Runner at 2nd Ivan de Jesus:
|
|
|
Pinch Hitting: LHB Cecil Cooper
|
0-0: Ball 1-0: Ball 2-0: Called Strike 2-1: Fielders Choice at 2nd, U4 (Groundball, 4M, EV 92.5 MPH)
|
| Top of the 9th over - 0 runs, 1 hit, 0 errors, 2 left on base; Philadelphia 0 - Cincinnati 2 |
|